 Dungeon Crawl Stone Soup version 0.32-a0-913-g739538afd8 (webtiles) character file.

Game seed: 13441579813137775294

1 Biggs the Scratcher (level 1, 10/10 HPs)
             Began as a Felid Shapeshifter on Apr 9, 2024.
             Quit the game on level 1 of the Dungeon.
             The game lasted 00:00:23 (30 turns).

Biggs the Scratcher (Felid Shapeshifter)              Turns: 30, Time: 00:00:23

Health: 10/10      AC:  1    Str: 10    XL:     1   Next: 16%
Magic:  2/2        EV: 16    Int: 13    God:
Gold:   10         SH:  0    Dex: 15    Spells: 0/0 levels left
                                        Lives:  0   Deaths: 1

rFire   . .          .
                       - Unarmed
rCold   . . .        (shield unavailable)
rNeg    . . .        (body armour unavailable)
rPois   .            (helmet unavailable)
rElec   .            (cloak unavailable)
rCorr   .            (gloves unavailable)
SInv    +            (boots unavailable)
Will    .....        (no amulet)
Stlth   +            (no ring)
HPRegen 0.21/turn    (no ring)
MPRegen 0.08/turn

%: no passive effects
@: beast-form
A: beast (slay +1), very small, claws 1, fangs 3, see invisible, shaggy fur 1,
stealthy paws, no weapons or thrown items, no armour, multi-lived
a: Begin Untransformation


You were on level 1 of the Dungeon.
You were a hulking beast.
You visited 1 branch of the dungeon, and saw 1 of its levels.

You collected 10 gold pieces.

Inventory:

Talismans
 b - a beast talisman (active)
 c - a flux talisman
Potions
 a - a potion of lignification


   Skills:
 - Level 1.0 Fighting
 - Level 2.6 Dodging
 + Level 3.1 Unarmed Combat
 - Level 2.6 Shapeshifting


You couldn't memorise any spells.
You didn't know any spells.
Your spell library was empty.

Dungeon Overview and Level Annotations

Branches:
Dungeon (1/15)

Altars:


Innate Abilities, Weirdness & Mutations

You are a hulking beast.
Your limbs bulge with bestial killing power. (Slay +1)
You have sharp claws.
You have razor-sharp teeth.
You have supernaturally acute eyesight. (SInv)
You are covered in fur. (AC +1)
Your paws help you pounce on unaware monsters.
You are incapable of wielding weapons or throwing items.
You cannot wear armour.
You gain extra lives every three experience levels.


Message History

There is an open door here.
You open the door.
There is an open door here.
Key pressed, stopping explore.
You now have 10 gold pieces.
A quokka comes into view.
Found 9 stones.
A quokka is nearby!
A quokka is nearby!
Found 6 gold pieces.
A dart slug comes into view.
You scratch the quokka.
The quokka is severely wounded.
The quokka bites you.
You scratch the quokka.
The quokka is almost dead.
The quokka misses you.
You scratch the quokka but do no damage.
Your bite misses the quokka.
The quokka is almost dead.
The quokka misses you.
You scratch the quokka but do no damage.
Your bite misses the quokka.
The quokka is almost dead.
The quokka misses you.
You scratch the quokka but do no damage.
The quokka is almost dead.
The quokka closely misses you.
You scratch the quokka.
You kill the quokka!
The dart slug launches a dart at you. The slug dart hits you.
The dart slug launches a dart at you. The slug dart hits you.
Ouch! That really hurt!
You die...
Your shape twists and changes as you die.
You rejoin the land of the living...
Found 7 gold pieces.
Found a stone staircase leading down.
Are you sure you want to abandon this character and quit the game? (Confirm with "yes".)

..# #.#
#.# #.#
#.# #.#
##.# #.h#
#...#
.......
####.$.##
#....
#.#.#
#.#.#
#.#>#


There were no monsters in sight!

Vanquished Creatures
  A quokka (D:1)
1 creature vanquished.

Notes
Turn   | Place    | Note
-------+----------+-------------------------------------------
     0 | D:1      | Biggs the Felid Shapeshifter began the quest for the Orb.
     0 | D:1      | Reached XP level 1. HP: 10/10 MP: 2/2
    29 | D:1      | Killed from afar by a dart slug
    29 | D:1      | Lost a life (0 lives remaining)
    30 | D:1      | Quit the game

Illustrated notes

Levels and vault maps discovered:
D:1:      elethiomel_arrival_infinity_welcomes_careful_drivers,
          layout_loops_corners, minmay_ruptured

Action                     || total
---------------------------++-------
  Melee: Unarmed           ||     6
 Armour: Skin              ||     3
  Dodge: Dodged            ||     4

Table legend: (Time is in decaauts)
 A = Elapsed time spent in this place.
 B = Non-inter-level travel time spent in this place.
 C = Inter-level travel time spent in this place.
 D = Time resting spent in this place.
 E = Time spent auto-exploring this place.
 F = Levels seen in this place.
 G = Mean time per level.
                   A        B        C        D        E       F      G
               +--------+--------+--------+--------+--------+-----+--------+
         Total |     29 |     29 |      0 |      0 |     18 |   1 |   29.0 |
       Dungeon |     29 |     29 |      0 |      0 |     18 |   1 |   29.0 |
               +--------+--------+--------+--------+--------+-----+--------+

Top non-repeatable levels by time:
     D:1: 29 daAuts
